 Dungeon Crawl Stone Soup version 0.28-a0-773-g130ae17fe5 (webtiles) character file.

Game seed: 15557267492170158947

129 pokeman the Magician (level 4, -1/25 HPs)
             Began as a Deep Elf Hedge Wizard on Nov 1, 2021.
             Slain by an adder (4 damage)
             ... on level 2 of the Dungeon.
             The game lasted 00:03:59 (2159 turns).

pokeman the Magician (Deep Elf Hedge Wizard)        Turns: 2159, Time: 00:04:00

Health: -1/25      AC:  2    Str:  7    XL:     4   Next: 88%
Magic:  1/13       EV: 13    Int: 20    God:
Gold:   55         SH:  0    Dex: 14    Spells: 4/14 levels left

rFire   . . .      SeeInvis .   d - +0 mace
rCold   . . .      Faith    .   (no shield)
rNeg    . . .      Spirit   .   b - +0 robe
rPois   .          Reflect  .   c - +0 hat
rElec   .          Harm     .   (no cloak)
rCorr   .          Rampage  .   (no gloves)
Will    .....                   (no boots)
Stlth   ++........              (no amulet)
HPRegen 0.08/turn               (no ring)
MPRegen 0.13/turn               (no ring)

@: wereblooded
A: no striking features
a: no special abilities


You were on level 2 of the Dungeon.
You visited 1 branch of the dungeon, and saw 2 of its levels.

You collected 55 gold pieces.

Inventory:

Hand Weapons
 d - a +0 mace (weapon)
Missiles
 e - 14 bolts
Armour
 b - a +0 robe (worn)
 c - a +0 hat (worn)
Scrolls
 a - 2 scrolls of immolation {unknown}
 g - a scroll of silence {unknown}
Potions
 f - 2 potions of attraction {unknown}
 h - a potion of heal wounds {unknown}
 i - a potion of cancellation {unknown}
 j - a potion of mutation {unknown}
 k - a potion of berserk rage {unknown}


   Skills:
 - Level 1.0 Fighting
 - Level 1.0 Armour
 + Level 2.9 Dodging
 - Level 2.4 Stealth
 * Level 5.9 Spellcasting
 + Level 2.4 Conjurations
 - Level 1.1 Summonings
 - Level 1.1 Translocations
 - Level 1.0 Transmutations
 + Level 0.1 Air Magic


You had 4 spell levels left.
You knew the following spells:

 Your Spells              Type           Power      Damage    Failure   Level
a - Magic Dart            Conj           60%        1d6       4%          1
b - Mephitic Cloud        Conj/Pois/Air  9%         N/A       22%         3
c - Call Imp              Summ           10%        N/A       10%         2
d - Blink                 Tloc           20%        N/A       10%         2
f - Wereblood             Tmut           10%        N/A       11%         2

Your spell library contained the following spells:

 Spells                   Type           Power      Damage    Failure   Level
 Slow                     Hex            20%        N/A       11%         1
 Sublimation of Blood     Necr           5%         N/A       16%         2
 Conjure Flame            Conj/Fire      10%        6-21      19%         3
 Summon Hydra             Summ           5%         N/A       100%        7


Dungeon Overview and Level Annotations

Branches:
Dungeon (2/15)

Altars:
Beogh


Message History

Press: ? - help, Shift-Dir - straight line, f - adder
Aim: an adder (100% to hit)
The magic dart hits the adder.
The adder is lightly wounded.
Casting: Magic Dart (safe; 4% risk of failure)
Confirm with . or Enter, or press ? or * to list all spells.
Aiming: Magic Dart (safe; 4% risk of failure)
Press: ? - help, Shift-Dir - straight line, f/p - adder
Aim: an adder (lightly wounded, 100% to hit)
The magic dart hits the adder.
The adder is moderately wounded.
The adder bites you.
Casting: Magic Dart (safe; 4% risk of failure)
Confirm with . or Enter, or press ? or * to list all spells.
Aiming: Magic Dart (safe; 4% risk of failure)
Press: ? - help, Shift-Dir - straight line, f/p - adder
Aim: an adder (moderately wounded, 100% to hit)
The magic dart hits the adder.
The adder is almost dead.
The adder bites you.
* * * LOW HITPOINT WARNING * * *
The adder completely misses you.
Casting: Magic Dart (safe; 4% risk of failure)
Confirm with . or Enter, or press ? or * to list all spells.
Aiming: Magic Dart (safe; 4% risk of failure)
Press: ? - help, Shift-Dir - straight line, f/p - adder
Aim: an adder (almost dead, 100% to hit)
The magic dart hits the adder.
You feel a bit better.
You kill the adder!
You hit the adder.
The adder is moderately wounded.
The adder bites you.
* * * LOW HITPOINT WARNING * * *
The adder bites you.
* * * LOW HITPOINT WARNING * * *
Casting: Magic Dart (safe; 4% risk of failure)
Confirm with . or Enter, or press ? or * to list all spells.
A beastly little devil appears in a puff of flame.
The adder barely misses you. The adder bites you.
You die...

.. ## .# .# ..
## .##### #.#
#.# ..... #[#
#.# ...# #.#
#.##†..#
#.########.#†..#
#.##...5.@S....#
#.##.#######.#.#
#....# ...
##.#### .!...
#######...####.
......#
...............#
#######
#######...######
##.## ###


You could see an adder (ally target) and a friendly crimson imp (summoned).

Vanquished Creatures
  Terence (D:2)
  Natasha (twice) (D:2)
  2 adders (D:2)
  3 dart slugs (D:1)
  2 ball pythons
  4 endoplasms
  A giant cockroach (D:1)
  2 goblins (D:1)
  4 hobgoblins
  A quokka (D:1)
  3 bats
  2 frilled lizards (D:2)
  A kobold (D:1)
  5 rats
33 creatures vanquished.

Notes
Turn   | Place    | Note
-------+----------+-------------------------------------------
     0 | D:1      | pokeman the Deep Elf Hedge Wizard began the quest for the
                  | Orb.
     0 | D:1      | Reached XP level 1. HP: 10/10 MP: 7/7
     6 | D:1      | Noticed a basilisk
     6 | D:1      | Noticed a tyrant leech
     6 | D:1      | Noticed a ragged hierophant
     7 | D:1      | Noticed a yaktaur captain
   286 | D:1      | Reached XP level 2. HP: 16/16 MP: 3/9
   747 | D:1      | Reached skill level 5 in Spellcasting
   822 | D:1      | Found a faded altar of an unknown god.
  1218 | D:2      | Reached XP level 3. HP: 20/20 MP: 5/11
  1222 | D:2      | Learned a level 2 spell: Wereblood
  1226 | D:2      | Learned a level 3 spell: Mephitic Cloud
  1229 | D:2      | Learned a level 2 spell: Call Imp
  1232 | D:2      | Learned a level 2 spell: Blink
  1285 | D:2      | Noticed Terence
  1370 | D:2      | Killed Terence
  1371 | D:2      | Reached skill level 1 in Fighting
  1371 | D:2      | Reached skill level 1 in Armour
  1795 | D:2      | Noticed Natasha
  1811 | D:2      | Killed Natasha
  1812 | D:2      | Reached XP level 4. HP: 9/25 MP: 3/13
  2074 | D:2      | Noticed Natasha
  2082 | D:2      | Killed Natasha
  2092 | D:2      | Reached skill level 1 in Transmutations
  2159 | D:2      | Slain by an adder

Illustrated notes

Levels and vault maps discovered:
D:1:      onia_arrival_zoo_common, layout_basic,
          hellmonk_ecumenical_altar_defaced_shrine, serial_bayou_ford_a,
          feat_on_display
D:2:      layout_loops_ring, minmay_snake_closets, uniq_terence, uniq_natasha

Skill      XL: |  1  2  3  4 |
---------------+-------------+-----
Spellcasting   | 5 |  5.9
Fighting       | 1 |  1.0
Armour         | 1 |  1.0
Conjurations   | 2 |  2.4
Transmutations | 1 |  1.0
Dodging        | |  2.9
Stealth        | |  2.4
Summonings     | |  1.1
Translocations | |  1.1
Air Magic      | |  0.1

Action                   |  1- 3 |  4- 6 || total
-------------------------+-------+-------++-------
Melee: Mace              |    10 |     4 ||    14
 Cast: Magic Dart        |    80 |     9 ||    89
       Call Imp          |     4 |     1 ||     5
       Mephitic Cloud    |     1 |     1 ||     2
       Wereblood         |     1 |     1 ||     2
 Stab: Confused          |     1 |     1 ||     2
Armor: Robe              |     2 |     3 ||     5
Dodge: Dodged            |    17 |     5 ||    22

Table legend: (Time is in decaauts)
 A = Elapsed time spent in this place.
 B = Non-inter-level travel time spent in this place.
 C = Inter-level travel time spent in this place.
 D = Time resting spent in this place.
 E = Time spent auto-exploring this place.
 F = Levels seen in this place.
 G = Mean time per level.
                   A        B        C        D        E       F      G
               +--------+--------+--------+--------+--------+-----+--------+
         Total |   2166 |   2158 |      8 |      0 |   1856 |   2 | 1083.0 |
       Dungeon |   2166 |   2158 |      8 |      0 |   1856 |   2 | 1083.0 |
               +--------+--------+--------+--------+--------+-----+--------+

Top non-repeatable levels by time:
     D:1: 1100 daAuts
     D:2: 1065 daAuts
